 Dungeon Crawl Stone Soup version 0.21.0-25-ge575cb9 (webtiles) character file.

48321 4thArraOfDagon the Covert (level 13, -6/90 HPs)
             Began as a Felid Air Elementalist on Jan 19, 2018.
             Was an Elder of Jiyva.
             Mangled by a naga mage
             ... wielding a +0 halberd
              (8 damage)
             ... on level 1 of the Snake Pit on Jan 22, 2018.
             The game lasted 02:06:03 (20126 turns).

4thArraOfDagon the Covert (Felid Air Elementalist) Turns: 20126, Time: 02:06:04

Health: -6/90      AC: 16    Str: 20    XL:     13   Next: 47%
Magic:  25/25      EV: 14    Int: 23    God:    Jiyva [****..]
Gold:   343        SH:  0    Dex: 22    Spells: 3/27 levels left
                                        Lives:  0   Deaths: 3

rFire    + + +     SeeInvis +     - Unarmed
rCold    x x .     Gourm    .   (shield unavailable)
rNeg     . . .     Faith    .   (armour unavailable)
rPois    +         Spirit   .   (helmet unavailable)
rElec    .         Reflect  .   (cloak unavailable)
rCorr    +         Harm     .   (gloves unavailable)
MR       +....                  (boots unavailable)
Stlth    ++++++....             C - amulet of Yghatas {rF+++ Regen+ Int+3 Dex-5 SInv}
HPRegen  0.00/turn              x - ring "Ruappuew" {rPois rC- Dex+3 SInv}
MPRegen  0.19/turn              G - +5 ring of dexterity

@: brilliant, lethally poisoned (-6 -> -18), dragon-form, flying, slowed, very
slow
A: giant, no armour, no weapons or thrown items, stealth, thin skeletal
structure 1, see invisible, carnivore, mutation resistance 1, inhibited
regeneration, slow metabolism 1, no potion heal 1
}: 1/15 runes: slimy
a: End Transformation, Request Jelly, Slimify, Renounce Religion, Breathe Fire


You were on level 1 of the Snake Pit.
You worshipped Jiyva.
Jiyva was greatly pleased with you.
You were full.
You were a fearsome dragon!
You visited 6 branches of the dungeon, and saw 33 of its levels.

You collected 1937 gold pieces.
You spent 1594 gold pieces at shops.

Inventory:

Jewellery
 n - an uncursed ring of positive energy
 p - a +3 ring of protection
 x - the ring "Ruappuew" (left foreclaw) {rPois rC- Dex+3 SInv}
   (You found it on level 5 of the Pits of Slime)

   [ring of see invisible]

   It affects your dexterity (+3).
   It makes you vulnerable to cold.
   It protects you from poison.
   It lets you see invisible.
 C - the amulet of Yghatas (around neck) {rF+++ Regen+ Int+3 Dex-5 SInv}
   (You found it on level 5 of the Pits of Slime)

   [amulet of regeneration]

   It affects your intelligence (+3).
   It affects your dexterity (-5).
   It renders you almost immune to fire.
   It lets you see invisible.
   It increases your rate of regeneration.
 G - a +5 ring of dexterity (right foreclaw)
Wands
 l - a wand of flame (30)
 u - a wand of enslavement (1)
 F - a wand of disintegration (7)
Scrolls
 c - 2 scrolls of teleportation
 e - 8 scrolls of remove curse
 i - a scroll of fog
 m - 4 scrolls of amnesia
 w - a scroll of noise
 y - 3 scrolls of magic mapping
 A - a scroll of summoning
 B - a scroll of immolation
 J - a scroll of identify
Potions
 d - a potion of curing
 f - 3 potions of might
 j - 2 potions of cancellation
 q - a potion of ambrosia
 t - a potion of invisibility
 v - a potion of agility
 z - a potion of degeneration
 E - a potion of brilliance
 I - a potion of magic
Books
 a - a book of Air

   Spells                             Type                      Level
   a - Shock                          Conjuration/Air              1
   b - Swiftness                      Charms/Air                   2
   c - Static Discharge               Conjuration/Air              3
   d - Airstrike                      Air                          4
   e - Lightning Bolt                 Conjuration/Air              5
 g - a book of Changes

   Spells                             Type                      Level
   a - Beastly Appendage              Transmutation                1
   b - Sticks to Snakes               Transmutation                2
   c - Spider Form                    Transmutation/Poison         3
   d - Ice Form                       Ice/Transmutation            4
   e - Blade Hands                    Transmutation                5
 r - a book of Geomancy

   Spells                             Type                      Level
   a - Sandblast                      Earth                        1
   b - Passwall                       Transmutation/Earth          2
   c - Stone Arrow                    Conjuration/Earth            3
   d - Petrify                        Transmutation/Earth          4
   e - Lee's Rapid Deconstruction     Earth                        5
 H - the Tome of Harmful Changing
   (You bought it in a shop on level 2 of the Orcish Mines)

   Spells                             Type                      Level
   a - Sticks to Snakes               Transmutation                2
   b - Lightning Bolt                 Conjuration/Air              5
   c - Conjure Ball Lightning         Conjuration/Air              6
   d - Dragon Form                    Transmutation                7
Miscellaneous
 D - a phial of floods (inert)
Comestibles
 b - 27 rations


   Skills:
 - Level 9.1 Fighting
 - Level 12.0 Dodging
 - Level 13.0 Stealth
 - Level 13.0 Unarmed Combat
 + Level 7.7 Spellcasting
 - Level 0.8 Conjurations
 * Level 11.7 Transmutations
 - Level 6.7 Air Magic
 - Level 7.4 Earth Magic


You had 3 spell levels left.
You knew the following spells:

 Your Spells              Type           Power        Failure   Level  Hunger
a - Shock                 Conj/Air       ####         1%          1    None
b - Airstrike             Air            ######....   1%          4    ###....
c - Lee's Rapid Deconstr  Erth           ######....   1%          5    #####..
d - Passwall              Tmut/Erth      ######....   1%          2    None
e - Blade Hands           Tmut           ######....   1%          5    #####..
f - Dragon Form           Tmut           ######....   5%          7    #######


Dungeon Overview and Level Annotations

Branches:
Dungeon (15/15)            Temple (1/1) D:6            Lair (6/6) D:11
  Swamp (0/4) Lair:2        Snake (4/4) Lair:2        Slime (5/5) Lair:5
    Orc (2/2) D:10            Elf (0/3) Orc:2        Vaults (0/5) D:13
 Depths: D:15

Altars:
Ashenzari
Cheibriados
Dithmenos
Elyvilon
Fedhas
Gozag
Hepliaklqana
Kikubaaqudgha
Makhleb
Nemelex Xobeh
Okawaru
Qazlal
Ru
Sif Muna
Trog
Uskayaw
Vehumet
Wu Jian
Xom
Yredelemnul
Zin
The Shining One
Beogh
Jiyva

Shops:
D:7 %[!=[   D:11 :   D:15 %(   Orc:2 !}:[

Annotations:
D:8 Erica, Joseph
Snake:2 Donald
Snake:3 Bai Suzhen, Nikola
Slime:5 Royal Jelly


Innate Abilities, Weirdness & Mutations

You cannot wear armour.
You are incapable of wielding weapons or throwing items.
Your paws allow you to move quietly. (Stealth)
((You have sharp claws.))
((You have razor-sharp teeth.))
You have supernaturally acute eyesight. (SInv)
You are carnivorous and can eat meat at any time.
((You cover ground quickly.))
((Your thick and shaggy fur keeps you warm. (AC +3, rC+)))
You have a slow metabolism.
((Your sharp claws are effective at attacking unaware monsters.))
((You have a pair of small antennae on your head.))
You have a somewhat thin skeletal structure. (Dex +2, Stealth)
((You are partially covered in yellow scales. (AC +2)))
((Your flesh is heat resistant. (rF+)))
You are somewhat resistant to further mutation.
((You are resistant to electric shocks. (rElec)))
You do not regenerate when monsters are visible.
((You have a small jelly attached to you that may absorb incoming projectiles.))
Potions are less effective at restoring your health.


Message History

The naga mage casts a spell at you. You resist with almost no effort.
Unknown command.
You claw the naga mage! Your claw misses the naga mage.
The naga mage is heavily wounded.
You feel sick.
The naga mage points at you and mumbles some strange words.
The poison arrow hits you!
You are more poisoned.
You partially resist.
* * * LOW HITPOINT WARNING * * *
The naga mage hits you with a halberd.
* * * LOW HITPOINT WARNING * * *
Unknown command.
Unknown command.
You hit the naga mage. You bite the naga mage.
The naga mage is severely wounded.
* * * LOW HITPOINT WARNING * * *
You feel sick. The naga mage hits you with a halberd!
You die...

##...............
##................
#.................
##.................
##.....###..........
#.....## #..........
###....##
##.........
##......# #.........
#.....D## #.........
#......N# ##........
.......##
###........ .......
##.......... .......
##...........
......#
#............ ...###
##............ ...
#.............
##....####.....


You could see a naga mage.

Vanquished Creatures
  Jorgrun (Snake:3)
  An acid blob (Slime:5)
  Aizul (Snake:2)
  A hydra (Lair:4)
  3 naga warriors
  3 anacondas
  A centaur warrior (D:14)
  2 death yaks (Lair:6)
  7 two-headed ogres
  An ogre mage (Orc:2)
  An orc high priest (Orc:2)
  5 unseen horrors
  A naga ritualist (Snake:3)
  A wizard (D:14)
  2 harpies (Lair:6)
  4 mana vipers
  5 orc sorcerers (Orc:2)
  An ugly thing (D:14)
  A manticore (Lair:6)
  2 deep elf magi
  An oklob plant (Lair:5)
  A cyclops (D:14)
  2 salamanders
  A shining eye (Slime:5)
  A guardian serpent (Snake:1)
  2 naga magi
  9 black mambas
  2 gargoyles
  6 spiny frogs
  7 komodo dragons
  A kobold demonologist (D:11)
  2 rime drakes
  A hornet (Lair:6)
  3 trolls
  A wind drake (Lair:6)
  Prince Ribbit (D:5)
  A slime creature (Slime:5)
  4 polar bears (Lair:6)
  5 blink frogs (Lair:3)
  10 hippogriffs
  A meliai zombie (D:15)
  2 shadows (D:13)
  A vampire (D:13)
  A water elemental (D:14)
  5 wyverns
  19 yaks
  A basilisk (Lair:5)
  A golden eye (Slime:5)
  The ghost of Inarius the Chiller, an amateur DrIE of Vehumet (D:4)
  9 vampire mosquitoes
  7 nagas
  An acid dragon (D:12)
  Edmund (D:5)
  3 soldier ants (D:10)
  10 water moccasins
  10 porcupines
  A floating eye (Slime:5)
  A sky beast (D:12)
  3 phantoms
  7 orc warriors
  3 ice beasts
  16 wolves
  14 ogres
  10 centaurs
  11 crocodiles
  3 big kobolds
  13 bullfrogs
  Dowan (D:5)
  A wyvern skeleton (D:11)
  A water moccasin skeleton (D:7)
  2 scorpions
  4 wights (D:11)
  An electric eel (Lair:6)
  3 howler monkeys
  6 crimson imps
  A quasit (D:10)
  12 orc priests
  7 hounds
  4 centaur zombies
  5 bullfrog skeletons
  2 centaur skeletons
  3 iguanas
  23 orc wizards
  9 worker ants
  3 hound skeletons
  2 worker ant zombies
  7 gnolls
  A howler monkey skeleton (D:4)
  11 adders
  5 shadow imps
  2 oozes
  2 adder skeletons
  2 worms
  A dart slug (D:1)
  3 leopard geckos
  67 orcs
  6 bats
  3 giant cockroaches
  9 hobgoblins
  8 jackals
  5 quokkas
  2 ball pythons
  5 frilled lizards
  3 goblins
  21 kobolds
  A leopard gecko skeleton (D:6)
  A leopard gecko zombie (D:5)
  4 rats
  A plant (D:11)
520 creatures vanquished.

Vanquished Creatures (collateral kills)
  The ghost of happinesssam the Cleaver, a journeyman DDFi of Makhleb (D:12)
  A hydra (D:12)
  2 dancing weapons (D:13)
  A two-headed ogre (D:11)
  3 ugly things (D:14)
  A cyclops (Orc:2)
  A spiny frog (Lair:6)
  2 komodo dragons (Lair:6)
  A hippogriff (D:11)
  3 vampire mosquitoes
  A warg (Orc:2)
  3 orc warriors
  An ogre (Orc:1)
  A centaur (D:14)
  A bullfrog (D:12)
  2 orc wizards
  An orc priest (Orc:1)
  4 orcs
  A kobold (D:12)
31 creatures vanquished.

Vanquished Creatures (others)
  An acid blob (Slime:5)
  2 great orbs of eyes (Slime:5)
  2 hydras
  A centaur warrior (D:14)
  2 ogre magi (Orc:2)
  3 death yaks (Lair:6)
  3 naga sharpshooters (Snake:2)
  Nergalle (Orc:2)
  A fire crab (Lair:6)
  An unseen horror (D:14)
  Pikel (D:6)
  3 deep elf magi
  A salamander (Snake:2)
  2 orc sorcerers (Orc:2)
  A centaur zombie (D:14)
  2 ugly things (D:14)
  An elephant (Lair:6)
  A naga mage (Snake:1)
  A black mamba (Snake:2)
  A rime drake (Lair:6)
  13 slime creatures
  A hippogriff (D:14)
  A shadow (D:14)
  A yak (Lair:4)
  2 basilisks
  A golden eye (Slime:5)
  4 nagas
  A water moccasin (Lair:5)
  A porcupine (Lair:2)
  Duvessa (D:5)
  An eye of draining (D:14)
  An ice beast (D:10)
  A slave (D:6)
  3 centaurs (D:14)
  2 wolves
  127 jellies
  4 orc priests
  A centaur skeleton (D:9)
  6 orc wizards
  4 hell rats (Lair:5)
  4 worker ants
  A gnoll (D:4)
  An adder (D:6)
  20 orcs
  A jackal (D:1)
  2 quokkas
  19 fungi
  17 plants
272 creatures vanquished.

Grand Total: 823 creatures vanquished

Notes
Turn   | Place    | Note
-------+----------+-------------------------------------------
     0 | D:1      | 4thArraOfDagon the Felid Air Elementalist began the quest for the Orb.
     0 | D:1      | Reached XP level 1. HP: 7/7 MP: 4/4
   129 | D:1      | Reached XP level 2. HP: 6/11 MP: 0/6
   476 | D:1      | Reached XP level 3. HP: 6/14 MP: 2/7
   692 | D:2      | Found a bloodstained altar of Trog.
   832 | D:2      | Found an opulent altar of Gozag.
   886 | D:2      | Found a radiant altar of Vehumet.
  1387 | D:3      | Reached XP level 4. HP: 12/18 MP: 5/8
  1397 | D:3      | Learned a level 4 spell: Airstrike
  1638 | D:5      | Entered Level 5 of the Dungeon
  1658 | D:5      | Noticed an ogre
  1807 | D:5      | Killed an ogre
  1807 | D:5      | Reached skill level 5 in Air Magic
  1807 | D:5      | Reached XP level 5. HP: 21/21 MP: 0/9
  1837 | D:5      | Noticed Duvessa
  1838 | D:5      | Noticed Dowan
  1851 | D:6      | Found a deep blue altar of Sif Muna.
  1954 | D:6      | Found a staircase to the Ecumenical Temple.
  1962 | D:6      | Gained mutation: You are covered in thick fur. (AC +2) [Felid growth]
  1962 | D:6      | Reached XP level 6. HP: 24/24 MP: 1/10
  1974 | Temple   | Entered the Ecumenical Temple
  2090 | D:6      | Noticed a slave
  2110 | D:6      | Noticed Pikel
  2226 | D:4      | Found a sparkling altar of Nemelex Xobeh.
  2304 | D:5      | Noticed Edmund
  2334 | D:5      | Noticed Prince Ribbit
  2620 | D:6      | Noticed a slave
  2717 | D:8      | Reached skill level 1 in Unarmed Combat
  2717 | D:8      | Reached XP level 7. HP: 26/28 MP: 7/12
  2740 | D:9      | Reached skill level 1 in Fighting
  2756 | D:9      | Found a glowing golden altar of the Shining One.
  2777 | D:9      | Noticed a troll
  2802 | D:9      | Noticed a two-headed ogre
  2905 | D:9      | Noticed a wyvern
  2906 | D:9      | Killed a wyvern
  3038 | D:10     | Entered Level 10 of the Dungeon
  3196 | D:11     | Found a staircase to the Lair.
  3303 | D:11     | Noticed an unseen horror
  3325 | D:11     | Killed an unseen horror
  3325 | D:11     | Reached skill level 5 in Dodging
  3325 | D:11     | Reached skill level 5 in Stealth
  3325 | D:11     | Reached XP level 8. HP: 33/34 MP: 0/13
  3332 | D:11     | Noticed a kobold demonologist
  3389 | Lair:1   | Entered Level 1 of the Lair of Beasts
  3397 | Lair:1   | Noticed a komodo dragon
  3480 | Lair:1   | Noticed a hippogriff
  3502 | Lair:1   | Killed a hippogriff
  3502 | Lair:1   | Reached skill level 5 in Unarmed Combat
  3534 | Lair:1   | Noticed a komodo dragon
  3553 | Lair:1   | Noticed a hippogriff
  3637 | Lair:1   | Killed a hippogriff
  3942 | Lair:2   | Reached XP level 9. HP: 32/39 MP: 0/14
  4012 | Lair:2   | Found a staircase to the Swamp.
  4151 | Lair:3   | Noticed an elephant
  4151 | Lair:3   | Noticed an elephant
  4351 | Lair:2   | Noticed a spiny frog
  4351 | Lair:2   | Noticed a rime drake
  4354 | Lair:2   | Killed a rime drake
  4364 | Lair:2   | You fall through a shaft!
  4469 | Lair:3   | Noticed a spiny frog
  4649 | Lair:3   | Reached skill level 5 in Fighting
  4777 | Lair:3   | Learned a level 5 spell: Lee's Rapid Deconstruction
  4786 | Lair:3   | Learned a level 2 spell: Passwall
  4967 | Lair:5   | Noticed a komodo dragon
  4967 | Lair:5   | Noticed an eight-headed hydra
  5053 | Lair:4   | Reached skill level 1 in Earth Magic
  5186 | Lair:5   | Noticed an oklob plant
  5187 | Lair:5   | Found a staircase to the Slime Pits.
  5189 | Lair:5   | no jiyva :(
  5228 | Slime:1  | Entered Level 1 of the Pits of Slime
  5228 | Slime:1  | Noticed an azure jelly
  5300 | Slime:2  | Noticed a great orb of eyes
  5327 | Slime:5  | Entered Level 5 of the Pits of Slime
  5336 | Slime:5  | Noticed an acid blob
  5340 | Slime:5  | Noticed an acid blob
  5342 | Slime:5  | Noticed a great orb of eyes
  5346 | Slime:5  | Splashed by an acid blob's acid
  5347 | Slime:5  | Reached XP level 8. HP: 0/37 MP: 13/13
  5353 | Slime:5  | Noticed an acid blob
  5364 | Slime:5  | Noticed a slime creature
  5365 | Slime:5  | Killed an acid blob
  5365 | Slime:5  | Reached XP level 9. HP: 40/41 MP: 10/14
  5367 | Slime:5  | Noticed a great orb of eyes
  5370 | Slime:5  | Reached XP level 10. HP: 42/45 MP: 6/15
  5371 | Slime:5  | Noticed a shining eye
  5374 | Slime:5  | Killed a shining eye
  5375 | Slime:5  | Found a viscous altar of Jiyva.
  5375 | Slime:5  | Noticed a great orb of eyes
  5377 | Slime:5  | Noticed the Royal Jelly
  5387 | Slime:5  | Noticed an acid blob
  5389 | Slime:5  | Became a worshipper of Jiyva Jeleniet the Shapeless
  5390 | Slime:5  | zero: Haha nice
  5390 | Slime:5  | ...
  5390 | Slime:5  | 4thArraOfDagon: that was intense haha
  5404 | Slime:5  | Noticed an acid blob
  5404 | Slime:5  | Noticed an acid blob
  5411 | Slime:5  | Noticed a great orb of eyes
  5801 | Lair:6   | Entered Level 6 of the Lair of Beasts
  5801 | Lair:6   | Noticed a spiny frog
  5805 | Lair:6   | Killed a spiny frog
  5818 | Lair:6   | Noticed an eight-headed hydra
  5954 | Lair:4   | Noticed a four-headed hydra
  5979 | Lair:4   | Killed a four-headed hydra
  6103 | Lair:4   | Reached * piety under Jiyva
  6140 | Lair:2   | Noticed a five-headed hydra
  6210 | Lair:3   | Noticed a spiny frog
  6368 | Lair:1   | Noticed a seven-headed hydra
  6583 | Lair:1   | Reached skill level 5 in Earth Magic
  6654 | D:10     | Noticed an unseen horror
  6658 | D:10     | Killed an unseen horror
  6737 | D:10     | Found a staircase to the Orcish Mines.
  6750 | D:10     | Noticed a two-headed ogre
  6759 | D:10     | Killed a two-headed ogre
  6759 | D:10     | Reached skill level 10 in Stealth
  6759 | D:10     | Reached XP level 11. HP: 42/49 MP: 9/16
  6808 | D:10     | Reached ** piety under Jiyva
  6823 | D:10     | Noticed a two-headed ogre
  6936 | D:11     | Found Ziumomni's Book Boutique.
  6936 | D:11     | Noticed a two-headed ogre
  7145 | D:8      | Noticed Erica
  7154 | D:8      | Noticed Joseph
  7383 | D:9      | Reached *** piety under Jiyva
  7383 | D:9      | Gained mutation: You are resistant to electric shocks. (rElec) [Jiyva's grace]
  7581 | D:9      | Was placed under penance by Jiyva
  7632 | D:9      | Killed a two-headed ogre
  7736 | D:9      | Found a shimmering altar of Xom.
  7776 | D:9      | Found a stormy altar of Qazlal.
  7972 | D:7      | Found Miakung's Armour Shoppe.
  7972 | D:7      | Found Atuuv's Distillery.
  7996 | D:7      | Found an ornate altar of the Wu Jian Council.
  8237 | D:4      | Reached skill level 10 in Unarmed Combat
  8257 | D:4      | Noticed Inarius's ghost (amateur DrIE)
  8448 | D:5      | Killed Prince Ribbit
  8486 | D:5      | Was forgiven by Jiyva
  8503 | D:5      | Killed Duvessa
  8640 | D:4      | Killed Inarius's ghost
  8861 | D:4      | Found a blossoming altar of Fedhas.
  8866 | D:4      | Found an ancient bone altar of Kikubaaqudgha.
  8992 | D:3      | Lost mutation: You are resistant to electric shocks. (rElec) [Jiyva's grace]
  9300 | D:1      | Reached **** piety under Jiyva
  9554 | D:3      | Gained mutation: You do not regenerate when monsters are visible. [Jiyva's grace]
 10081 | D:5      | Killed Dowan
 10209 | D:5      | Killed Edmund
 10390 | D:6      | Killed Pikel
 10445 | D:6      | Gained mutation: You are agile. (Dex +2) [Jiyva's grace]
 10479 | D:6      | Reached ***** piety under Jiyva
 10691 | D:7      | Found Nuuvvana's Armour Boutique.
 10772 | D:7      | Gained mutation: You are covered in slimy tendrils that may disarm your opponents. [Jiyva's grace]
 10794 | D:7      | Found a white marble altar of Elyvilon.
 10838 | D:7      | Found Bupitolo's Food Shop.
 10844 | D:7      | Found a basalt altar of Yredelemnul.
 10901 | D:7      | Gained mutation: You tend to lose your temper in combat. [Jiyva's grace]
 10999 | D:7      | Found Dinitzau's Jewellery Boutique.
 11111 | D:8      | Gained mutation: Your thick and shaggy fur keeps you warm. (AC +3, rC+) [Jiyva's grace]
 11121 | D:8      | Reached ****** piety under Jiyva
 11359 | D:10     | Reached skill level 10 in Dodging
 11427 | Lair:1   | You fall through a shaft!
 11443 | Lair:2   | Found a staircase to the Snake Pit.
 11471 | Lair:2   | Thaneod: FEAE Jivya
 11478 | Lair:2   | Thaneod: omg
 11624 | Lair:4   | Lost mutation: You are covered in slimy tendrils that may disarm your opponents. [Jiyva's grace]
 11793 | Lair:5   | Noticed a seven-headed hydra
 11813 | Lair:5   | Killed an oklob plant
 11827 | Slime:1  | Noticed an acid blob
 11847 | Slime:4  | Noticed an azure jelly
 11867 | Slime:5  | Gained mutation: You are resistant to electric shocks. (rElec) [Jiyva's grace]
 11878 | Slime:5  | Gained mutation: You expend magic power (3 MP) to strengthen your wands. [Jiyva's grace]
 11893 | Slime:5  | Got a transparent steel ring
 11896 | Slime:5  | Noticed an acid blob
 11896 | Slime:5  | Killed a great orb of eyes
 11900 | Slime:5  | Gained mutation: You have a small jelly attached to you that senses nearby items. [Jiyva's grace]
 11915 | Slime:5  | Gained mutation: Your mind is acute. (Int +2) [Jiyva's grace]
 11917 | Slime:5  | Got a clouded garnet amulet
 11936 | Slime:5  | Killed an acid blob
 11939 | Slime:5  | Got a slimy rune of Zot
 11940 | Slime:5  | Identified the amulet of Yghatas {rF+++ Regen+ Int+3 Dex-5 SInv} (You found it on level 5 of the Pits of Slime)
 11941 | Slime:5  | Identified the ring "Ruappuew" {rPois rC- Dex+3 SInv} (You found it on level 5 of the Pits of Slime)
 11960 | Slime:5  | Noticed a shining eye
 11964 | Slime:5  | Killed a great orb of eyes
 12321 | Lair:4   | Mutation became permanent: You are covered in thick fur. (AC +2) [Felid growth]
 12321 | Lair:4   | Gained mutation: Your thick and shaggy fur keeps you warm. (AC +3, rC+) [Felid growth]
 12321 | Lair:4   | Reached XP level 12. HP: 35/54 MP: 6/17
 12353 | Lair:4   | Lost mutation: You are agile. (Dex +2) [Jiyva's grace]
 12653 | D:11     | Bought a book of Changes for 300 gold pieces
 12659 | D:11     | Learned a level 5 spell: Blade Hands
 12722 | D:11     | Killed a two-headed ogre
 12722 | D:11     | Reached skill level 1 in Transmutations
 12759 | D:11     | Lost mutation: Your mind is acute. (Int +2) [Jiyva's grace]
 12823 | D:11     | Lost mutation: You have a small jelly attached to you that senses nearby items. [Jiyva's grace]
 12979 | D:11     | Upgraded the game from 0.21.0-24-g2553a33 to 0.21.0-25-ge575cb9
 13098 | D:12     | Noticed a six-headed hydra
 13110 | D:12     | Killed a six-headed hydra
 13228 | D:12     | Noticed happinesssam's ghost (journeyman DDFi)
 13249 | D:12     | Killed happinesssam's ghost
 13304 | D:12     | Gained mutation: You occasionally shout uncontrollably at your foes. [Jiyva's grace]
 13340 | D:12     | Noticed a five-headed hydra
 13353 | D:12     | Killed a five-headed hydra
 13473 | D:13     | Found an opulent altar of Gozag.
 13516 | D:13     | Noticed a two-headed ogre
 13535 | D:13     | Killed a two-headed ogre
 13539 | D:13     | Gained mutation: You have a pair of small horns on your head. [Jiyva's grace]
 13564 | D:13     | Noticed a two-headed ogre
 13597 | D:13     | Killed a two-headed ogre
 13638 | D:13     | Noticed a two-headed ogre
 13660 | D:13     | Gained mutation: You are somewhat resistant to further mutation. [Jiyva's grace]
 13734 | D:14     | Noticed a two-headed ogre
 13803 | D:14     | Killed a two-headed ogre
 13819 | D:14     | Gained mutation: You have a small jelly attached to you that senses nearby items. [Jiyva's grace]
 13890 | D:14     | Reached skill level 5 in Transmutations
 13963 | D:14     | Noticed a centaur warrior
 13972 | D:14     | Killed a centaur warrior
 13972 | D:14     | Reached XP level 13. HP: 40/59 MP: 20/20
 13998 | D:14     | Lost mutation: You are resistant to electric shocks. (rElec) [Jiyva's grace]
 14029 | D:14     | Slain by a centaur warrior
 14030 | D:14     | Reached XP level 12. HP: -3/56 MP: 16/19
 14061 | D:14     | Gained mutation: You are agile. (Dex +2) [Jiyva's grace]
 14291 | D:13     | Lost mutation: You expend magic power (3 MP) to strengthen your wands. [Jiyva's grace]
 14302 | D:13     | Found a gate to the Vaults.
 14367 | D:13     | Killed a two-headed ogre
 14424 | D:14     | Killed a centaur warrior
 14567 | D:15     | Entered Level 15 of the Dungeon
 14710 | D:15     | Found Raar's Antique Weapon Shoppe.
 14737 | D:15     | Noticed a catoblepas
 14760 | D:15     | Found Loaplus's Food Emporium.
 14938 | D:10     | Killed a two-headed ogre
 14943 | D:10     | Lost mutation: You have a pair of small horns on your head. [Jiyva's grace]
 14964 | Orc:1    | Entered Level 1 of the Orcish Mines
 15034 | Orc:1    | Gained mutation: Potions are less effective at restoring your health. [Jiyva's grace]
 15301 | Orc:1    | Gained mutation: Your flesh is heat resistant. (rF+) [Jiyva's grace]
 15322 | Orc:2    | Entered Level 2 of the Orcish Mines
 15322 | Orc:2    | Noticed an orc high priest
 15329 | Orc:2    | Killed an orc high priest
 15367 | Orc:1    | Reached skill level 5 in Spellcasting
 15510 | Orc:2    | Found a staircase to the Elven Halls.
 15546 | Orc:2    | Found a radiant altar of Vehumet.
 15584 | Orc:2    | Gained mutation: You are resistant to electric shocks. (rElec) [Jiyva's grace]
 15621 | Orc:2    | Lost mutation: You occasionally shout uncontrollably at your foes. [Jiyva's grace]
 15729 | Orc:2    | Lost mutation: You are agile. (Dex +2) [Jiyva's grace]
 15828 | Orc:2    | Found a roughly hewn altar of Beogh.
 15933 | Orc:2    | Found Ruptub's Distillery.
 15950 | Orc:2    | Lost mutation: You have a small jelly attached to you that senses nearby items. [Jiyva's grace]
 16006 | Orc:2    | Reached XP level 13. HP: 49/60 MP: 5/21
 16048 | Orc:2    | Bought 2 potions of heal wounds for 120 gold pieces
 16048 | Orc:2    | Bought a potion of lignification for 36 gold pieces
 16048 | Orc:2    | Bought a potion of might for 48 gold pieces
 16065 | Orc:2    | Found a radiant altar of Vehumet.
 16085 | Orc:2    | Lost mutation: You are somewhat resistant to further mutation. [Jiyva's grace]
 16097 | Orc:2    | Paralysed by an orc sorcerer for 4 turns
 16109 | Orc:2    | Found Ziunug's Gadget Shop.
 16124 | Orc:2    | Found an ancient bone altar of Kikubaaqudgha.
 16124 | Orc:2    | Noticed Nergalle
 16128 | Orc:2    | Noticed an acid blob
 16128 | Orc:2    | an orc sorcerer changed into an acid blob
 16132 | Orc:2    | Killed Nergalle
 16152 | Orc:2    | Found a roughly hewn altar of Beogh.
 16175 | Orc:2    | Found Boumepn's Book Boutique.
 16187 | Orc:2    | Gained mutation: You are partially covered in yellow scales. (AC +2) [Jiyva's grace]
 16195 | Orc:2    | Found Lualomau's Antique Armour Boutique.
 16198 | Orc:2    | Bought the Tome of Harmful Changing for 910 gold pieces
 16427 | Orc:2    | Bought a potion of magic for 96 gold pieces
 16427 | Orc:2    | Bought a potion of brilliance for 48 gold pieces
 16427 | Orc:2    | Bought a potion of curing for 36 gold pieces
 17005 | Lair:5   | Lost mutation: You tend to lose your temper in combat. [Jiyva's grace]
 17320 | Lair:6   | Noticed an acid blob
 17320 | Lair:6   | a death yak changed into an acid blob
 17333 | Lair:6   | Gained mutation: Armour fits poorly on your pseudopods. [Jiyva's grace]
 17542 | Lair:6   | Noticed an acid blob
 17542 | Lair:6   | a seven-headed hydra changed into an acid blob
 17566 | Lair:6   | Gained mutation: You have a small jelly attached to you that may absorb incoming projectiles. [Jiyva's grace]
 17730 | Lair:6   | Gained mutation: You have a small jelly attached to you that senses nearby items. [Jiyva's grace]
 17988 | Lair:6   | Gained mutation: You have a pair of small antennae on your head. [Jiyva's grace]
 18127 | Lair:5   | Learned a level 7 spell: Dragon Form
 18344 | Lair:2   | Lost mutation: You have a small jelly attached to you that senses nearby items. [Jiyva's grace]
 18360 | Snake:1  | Entered Level 1 of the Snake Pit
 18530 | Snake:2  | Found a hazy altar of Hepliaklqana.
 18616 | Snake:2  | Noticed an azure jelly
 18616 | Snake:2  | a mana viper changed into an azure jelly
 18668 | Snake:2  | Noticed Donald
 18803 | Snake:2  | HP: 2/90 [anaconda (13)]
 18803 | Snake:2  | Slain by an anaconda
 18804 | Snake:2  | Reached XP level 12. HP: -2/85 MP: 13/22
 18806 | Snake:2  | Killed an anaconda
 18866 | Snake:2  | Gained mutation: You are somewhat resistant to further mutation. [Jiyva's grace]
 18888 | Snake:2  | Noticed an anaconda
 18932 | Snake:2  | Slimified an anaconda
 18932 | Snake:2  | an anaconda changed into a slime creature
 18939 | Snake:2  | Reached skill level 10 in Transmutations
 18944 | Snake:2  | Noticed Aizul
 19077 | Snake:3  | Noticed Nikola
 19202 | Snake:3  | Noticed Jorgrun
 19215 | Snake:3  | Reached XP level 13. HP: 50/60 MP: 9/24
 19250 | Snake:3  | Killed Jorgrun
 19259 | Snake:3  | Gained mutation: You have a somewhat thin skeletal structure. (Dex +2, Stealth) [Jiyva's grace]
 19456 | Snake:3  | Noticed Bai Suzhen
 19495 | Snake:4  | Entered Level 4 of the Snake Pit
 19495 | Snake:4  | Noticed a nagaraja
 19867 | Snake:2  | Lost mutation: Armour fits poorly on your pseudopods. [Jiyva's grace]
 19919 | Snake:2  | Killed Aizul
 20125 | Snake:1  | HP: 3/90 [naga mage/halberd (3)]
 20126 | Snake:1  | Mangled by a naga mage

Skill      XL: |  1  2  3  4  5  6  7  8  9 10 11 12 13 |
---------------+----------------------------------------+-----
Air Magic      | 3 4 5 6 |  6.7
Spellcasting   | 3 5 7 |  7.7
Dodging        | 3 5 8 7 9 10 11 12 | 12.0
Stealth        | 3 5 6 9 10 11 12 13 | 13.0
Unarmed Combat | 1 4 8 7 9 10 12 13 | 13.0
Fighting       | 3 5 6 7 9 |  9.1
Earth Magic    | 3 1 5 7 |  7.4
Transmutations | 10 11 | 11.7
Conjurations   | |  0.8

Action                   |  1- 3 |  4- 6 |  7- 9 | 10-12 | 13-15 || total
-------------------------+-------+-------+-------+-------+-------++-------
Melee: Unarmed           |    31 |    39 |   122 |   977 |   474 ||  1643
       Bite              |     3 |     5 |    14 |    87 |    55 ||   164
       Punch             |       |       |     4 |    48 |    31 ||    83
       Headbutt          |       |       |       |    50 |    10 ||    60
       Pseudopods        |       |       |       |     8 |    49 ||    57
       Tailslap          |       |       |       |       |     3 ||     3
 Cast: Shock             |    61 |    75 |    43 |    62 |     5 ||   246
       Airstrike         |       |    11 |    54 |   219 |    46 ||   330
       Blade Hands       |       |       |       |       |     3 ||     3
       Dragon Form       |       |       |       |       |     1 ||     1
Invok: Request Jelly     |       |       |       |    24 |    15 ||    39
       Slimify           |       |       |       |     3 |    19 ||    22
 Abil: End Transformatio |       |       |       |       |     2 ||     2
Evoke: Wand              |       |       |       |    45 |     1 ||    46
       Phial of floods   |       |       |       |     1 |     1 ||     2
  Use: Scroll            |     2 |     9 |     6 |    15 |     8 ||    40
       Potion            |       |       |     9 |     6 |    18 ||    33
 Stab: Sleeping          |     2 |     3 |     7 |    43 |    11 ||    66
       Distracted        |       |     1 |       |     2 |     4 ||     7
  Eat: Chunk             |     9 |     5 |    16 |    20 |     3 ||    53
       Ration            |       |       |       |     2 |       ||     2
Armor: Skin              |     1 |     3 |     3 |    46 |    41 ||    94
Dodge: Dodged            |    32 |    65 |    89 |  1028 |   433 ||  1647
Block: Other             |       |       |     4 |    26 |       ||    30
       Reflection        |       |       |       |     1 |       ||     1
